 Dungeon Crawl Stone Soup version 0.16.1-2-g95b8d4c (webtiles) character file.

56 Ladykiller69 the Shield-Bearer (level 3, -3/33 HPs)
             Began as a Minotaur Fighter on Mar 25, 2015.
             Slain by herpmino's ghost (5 damage)
             ... on level 3 of the Dungeon.
             The game lasted 00:04:14 (1436 turns).

Ladykiller69 the Shield-Bearer (Minotaur Fighter)   Turns: 1436, Time: 00:04:15

Health: -3/33      AC:  7    Str: 26    XL:     3   Next: 71%
Magic:  2/2        EV:  7    Int:  5    God:
Gold:   108        SH: 10    Dex:  9    Spells: 0 memorised, 2 levels left

rFire  . . .     SeeInvis .     a - +0 war axe
rCold  . . .     Clarity  .     b - +0 scale mail
rNeg   . . .     SustAb   .     c - +0 shield
rPois  .         Gourm    .     (helmet restricted)
rElec  .         Spirit   .     (no cloak)
rCorr  .         Warding  .     (no gloves)
rMut   .         Stasis   .     (no boots)
MR     .....                    (no amulet)
Stlth  ..........               (no ring)
                                (no ring)

@: mighty, lethally poisoned (-3 -> -19), not resistant to hostile enchantments,
extremely unstealthy
A: retaliatory headbutt, horns 2
a: no special abilities


You were on level 3 of the Dungeon.
You were not hungry.

You visited 1 branch of the dungeon, and saw 3 of its levels.

You collected 108 gold pieces.

Inventory:

Hand weapons
 a - a +0 war axe (weapon)
Armour
 b - a +0 scale mail (worn)
 c - a +0 shield (worn)
Magical devices
 r - a wand of flame (16)
Scrolls
 g - a scroll of teleportation {unknown}
 h - 2 scrolls of random uselessness {unknown}
 k - 2 scrolls of immolation {unknown}
 l - a scroll of remove curse {unknown}
 s - a scroll of fog {unknown}
 w - a scroll of recharging {unknown}
 x - 2 scrolls of identify {unknown}
 y - a scroll of blinking {unknown}
Potions
 f - a potion of ambrosia {unknown}
 j - a potion of heal wounds {unknown}
 m - a potion of resistance {unknown}
 o - a potion of agility {unknown}
 p - a potion of flight {unknown}
 t - a potion of degeneration {unknown}
 z - a potion of restore abilities {unknown}
Comestibles
 d - a bread ration
 i - a slice of pizza
 n - 2 meat rations
 u - a beef jerky
 v - 3 fruits


   Skills:
 + Level 3.9 Fighting
 * Level 3.9 Axes
 + Level 4.1 Armour
 + Level 0.2 Dodging
 + Level 4.1 Shields


You had 2 spell levels left.
You didn't know any spells.

Dungeon Overview and Level Annotations

Branches:
Dungeon (3/15)

Altars:

Annotations:
D:3 Terence; herpmino's ghost, average VSCK


Innate Abilities, Weirdness & Mutations

You reflexively headbutt those who attack you in melee.
You have a pair of horns on your head.


Message History

You closely miss herpmino's ghost. You headbutt herpmino's ghost.
Herpmino's ghost is moderately damaged.
You feel sick. Herpmino's ghost barely misses you.
You hit herpmino's ghost.
Herpmino's ghost is heavily damaged.
You feel sick.
Herpmino's ghost complains, "You're an easy kill, but not a fun one."
Herpmino's ghost hits you. Herpmino's ghost burns you.
* * * LOW HITPOINT WARNING * * *
Herpmino's ghost completely misses you.
Drink which item? (? for menu, Esc to quit)
You feel very mighty all of a sudden. Herpmino's ghost hits you.
* * * LOW HITPOINT WARNING * * *
You are more poisoned.
You hit herpmino's ghost! Your headbutt misses herpmino's ghost.
Herpmino's ghost is almost destroyed.
* * * LOW HITPOINT WARNING * * *
You feel sick. Herpmino's ghost hits you.
You die...

.#.........#. ....
#..[......... . ...
#..........# ... [.
#####.......%..# #... .
#..........$...### ....s
#............!.b.##.....g
#..............#.........
#.......W..........#...b.
#<......@†.........$.....
#.....................###
#................. .. #
###.............. #
#.............
###.......... #.........
#........ ######..


You could see herpmino's ghost and a bat.

Vanquished Creatures
  Jessica (D:2)
  2 giant geckos (D:2)
  A ball python (D:1)
  3 giant cockroaches
  A goblin (D:2)
  4 hobgoblins
  2 quokkas
  5 bats
  3 giant newts
  7 kobolds (D:2)
  7 rats
36 creatures vanquished.

Notes
Turn   | Place    | Note
--------------------------------------------------------------
     0 | D:1      | Ladykiller69, the Minotaur Fighter, began the quest for the Orb.
     0 | D:1      | Reached XP level 1. HP: 19/19 MP: 1/1
   362 | D:1      | Reached XP level 2. HP: 25/27 MP: 1/1
   984 | D:2      | Noticed Jessica
   988 | D:2      | Killed Jessica
   988 | D:2      | Reached XP level 3. HP: 30/33 MP: 2/2
  1061 | D:2      | Reached skill level 4 in Armour
  1384 | D:3      | Noticed Terence
  1421 | D:3      | Noticed herpmino's ghost (average VSCK)
  1436 | D:3      | Slain by herpmino's ghost

Action                   || total
-------------------------++-------
Melee: War axe           ||    83
Evoke: Wand              ||     1
  Use: Potion            ||     1
  Eat: Chunk             ||     2
